 Dungeon Sprint DCSS version 0.30-a0-737-gf23d94013f (webtiles) character file.

Game seed: 894989268370089334

5085 sircluck the Brawler (level 10, -2/74 HPs)
             Began as a Troll Fighter on Feb 2, 2023.
             Slain by a centaur warrior (13 damage)
             ... in the Dungeon (Sprint I: "Red Sonja").
             The game lasted 00:05:24 (1685 turns).

sircluck the Brawler (Troll Fighter)                Turns: 1685, Time: 00:05:24

Health: -2/74      AC:  5    Str: 25 (26) XL:     10   Next: 31%
Magic:  8/8        EV: 11    Int: -3 (0)  God:
Gold:   646        SH: 11    Dex:  9      Spells: 9/9 levels left

rFire   . . .      SeeInvis .      - Unarmed
rCold   . . .      Faith    .    b - +0 kite shield
rNeg    . . .      Spirit   .    a - +0 robe
rPois   .          Reflect  .    (helmet restricted)
rElec   .          Harm     .    (no cloak)
rCorr   .          Rampage  .    (gloves unavailable)
Will    .....      Rage     3%   (boots unavailable)
Stlth   +          NoTele   +    (no amulet)
HPRegen 1.12/turn                (no ring)
MPRegen 0.11/turn                (no ring)

@: slowed, lost intelligence, unable to read, very slow
A: large, unfitting armour, claws 3, regeneration 1, shaggy fur 1, tough skin 1,
iridescent scales 1, berserk 1, deformed body, deterioration 2, dopey 2, frail
3, low MP 1, weak 2, inability to drink after injury 1, inability to read after
injury 2
a: no special abilities


You were in the Dungeon.
You visited 1 branch You collected 841 gold pieces.
You spent 195 gold pieces at shops.

Inventory:

Hand Weapons
 l - a +1 short sword of distortion
 p - a +0 longbow
Missiles
 m - a curare-tipped dart (quivered)
 n - 12 stones
Armour
 a - a +0 robe (worn)
 b - a +0 kite shield (worn)
Wands
 j - a wand of polymorph (3)
Scrolls
 i - a scroll of blinking
 k - 3 scrolls of identify
 o - a scroll of torment {unknown}
Potions
 c - a potion of might
 d - 4 potions of curing
 e - a potion of heal wounds
 f - a potion of haste
 g - 2 potions of magic
 h - a potion of berserk rage


   Skills:
 + Level 8.8 Fighting
 + Level 10.4 Dodging
 + Level 0.3 Stealth
 + Level 11.0 Shields
 + Level 15.4 Unarmed Combat
 + Level 1.7 Evocations


You had 9 spell levels left.
You didn't know any spells.
Your spell library was empty.

Dungeon Overview and Level Annotations

Branches:
Dungeon (1/1)

Altars:
Cheibriados
Dithmenos
Elyvilon
Fedhas
Gozag
Hepliaklqana
Kikubaaqudgha
Makhleb
Nemelex Xobeh
Okawaru
Qazlal
Ru
Sif Muna
Trog
Uskayaw
Vehumet
Wu Jian
Xom
Yredelemnul
Zin
The Shining One
Jiyva
Lugonu

Shops:
D !**?*=[


Innate Abilities, Weirdness & Mutations

You are too large for most types of armour.
You have claws for hands.
Your natural rate of healing is unusually fast.
You are covered in fur. (AC +1)
You have tough skin. (AC +1)
You are partially covered in iridescent scales. (AC +2)
You sometimes lose your temper in combat.
Armour fits poorly on your strangely shaped body.
Your body often deteriorates upon taking damage.
You are very dopey. (Int -4)
You are extremely frail. (-30% HP)
Your magical capacity is low. (-10% MP)
You are very weak. (Str -4)
You occasionally lose the ability to drink potions when taking damage.
You sometimes lose the ability to read scrolls when taking damage.


Message History

You claw the centaur warrior!
The centaur warrior is moderately wounded.
The centaur warrior shoots an arrow.
The arrow hits you!! You block the centaur warrior's attack.
The centaur warrior kicks you.
The centaur warrior shoots an arrow.
The arrow closely misses you.
You are too injured to fight recklessly!
You are too injured to fight recklessly!
You are too injured to fight recklessly!
You are too injured to fight recklessly!
You are too injured to fight recklessly!
You are too injured to fight recklessly!
You are too injured to fight recklessly!
You are too injured to fight recklessly!
You are too injured to fight recklessly!
You are too injured to fight recklessly!
You are too injured to fight recklessly!
You are too injured to fight recklessly!
You are too injured to fight recklessly!
You are too injured to fight recklessly!
You are too injured to fight recklessly!
You are too injured to fight recklessly!
Unknown command.
You enter the shallow water.
The centaur warrior unwields a +0 shortbow.
The centaur warrior hits you but does no damage.
The centaur warrior kicks you.
* * * LOW HITPOINT WARNING * * *
The centaur warrior hits you.
* * * LOW HITPOINT WARNING * * *
The centaur warrior kicks you.
* * * LOW HITPOINT WARNING * * *
The centaur warrior hits you.
* * * LOW HITPOINT WARNING * * *
You block the centaur warrior's attack. x2
The centaur warrior completely misses you.
You mangle the centaur warrior!!
The centaur warrior is almost dead.
The centaur warrior is no longer moving slowly.
The centaur warrior hits you!
You die...

#########################
<.#..').#.)'..#__#..).).#
..').#..'..#..'..'..#...#
..#####'#####'#__####...+
..####..#...#)####§§#####
..#__####..##[#§§§§(#
..#_____##'#_.+§§c§.+
⌠⌠#_.∩...'..._#§@c§.#
###_..__##_.#'##§####
#_____###'#.#§§§.###
###########.####§###[##
∩........'...'.....'.∩#
##''''####...##########
.......####.###
........#.#'#.#
..#.....#.....#


You could see 2 centaur warriors.

Vanquished Creatures
  8 shining eyes (D)
  A kobold demonologist (D)
  A merfolk (D)
  A polar bear (D)
  A blink frog (D)
  Sigmund (D)
  A slime creature (D)
  A yak (D)
  5 floating eyes (D)
  An ogre (D)
  A jelly (D)
  Ijyb (D)
23 creatures vanquished.

Vanquished Creatures (others)
  2 ballistomycete spores (D)
2 creatures vanquished.

Grand Total: 25 creatures vanquished

Notes
Turn   | Place    | Note
-------+----------+-------------------------------------------
     0 | D        | sircluck the Troll Fighter began the quest for the Orb.
     0 | D        | Reached XP level 1. HP: 22/22 MP: 0/0
     2 | D        | Noticed Ijyb
    29 | D        | Killed Ijyb
    30 | D        | Reached skill level 3 in Unarmed Combat
    30 | D        | Reached XP level 2. HP: 31/31 MP: 1/1
    43 | D        | Noticed an ogre
    51 | D        | Killed an ogre
    52 | D        | Reached skill level 5 in Shields
    52 | D        | Reached skill level 4 in Unarmed Combat
    52 | D        | Reached XP level 3. HP: 11/40 MP: 2/2
    52 | D        | Reached XP level 4. HP: 14/49 MP: 3/3
    94 | D        | Noticed Sigmund
   102 | D        | Killed Sigmund
   103 | D        | Reached skill level 5 in Fighting
   103 | D        | Reached skill level 5 in Unarmed Combat
   103 | D        | Reached XP level 5. HP: 42/59 MP: 4/4
   103 | D        | Reached XP level 6. HP: 47/67 MP: 5/5
   121 | D        | Found a burning altar of Makhleb.
   121 | D        | Found a viscous altar of Jiyva.
   121 | D        | Found a shimmering altar of Xom.
   121 | D        | Found a corrupted altar of Lugonu.
   121 | D        | Noticed a slime creature
   129 | D        | Killed a slime creature
   130 | D        | Reached skill level 6 in Unarmed Combat
   169 | D        | Noticed a kobold demonologist
   169 | D        | Noticed a floating eye
   169 | D        | Noticed a kobold demonologist
   171 | D        | Killed a floating eye
   172 | D        | Reached skill level 7 in Unarmed Combat
   172 | D        | Reached XP level 7. HP: 76/76 MP: 6/6
   172 | D        | a kobold demonologist changed into a blink frog
   172 | D        | Noticed a blink frog
   182 | D        | Killed a kobold demonologist
   183 | D        | Reached skill level 8 in Unarmed Combat
   190 | D        | Killed a blink frog
   191 | D        | Reached XP level 8. HP: 65/87 MP: 7/7
   224 | D        | Found an ornate altar of the Wu Jian Council.
   224 | D        | Found a shimmering blue altar of Sif Muna.
   226 | D        | Found a radiant altar of Vehumet.
   229 | D        | Reached skill level 9 in Unarmed Combat
   264 | D        | Found Sywn's Magic Scroll Emporium.
   264 | D        | Found an ancient bone altar of Kikubaaqudgha.
   264 | D        | Found a hazy altar of Hepliaklqana.
   264 | D        | Found a stormy altar of Qazlal.
   264 | D        | Found a hide-covered altar of Uskayaw.
   264 | D        | Found a blossoming altar of Fedhas.
   264 | D        | Found a bloodstained altar of Trog.
   264 | D        | Found an iron altar of Okawaru.
   264 | D        | Found a basalt altar of Yredelemnul.
   264 | D        | Found a glowing golden altar of the Shining One.
   264 | D        | Found a snail-covered altar of Cheibriados.
   264 | D        | Found a sacrificial altar of Ru.
   264 | D        | Found a glowing silver altar of Zin.
   264 | D        | Found a shadowy altar of Dithmenos.
   264 | D        | Found a white marble altar of Elyvilon.
   268 | D        | Found an opulent altar of Gozag.
   269 | D        | Found a sparkling altar of Nemelex Xobeh.
   275 | D        | Bought a scroll of identify for 26 gold pieces
   275 | D        | Bought a scroll of identify for 26 gold pieces
   275 | D        | Bought a scroll of identify for 26 gold pieces
   281 | D        | Noticed Sonja
   282 | D        | Sonja changed into Sonja the polar bear
   282 | D        | Noticed Sonja
   289 | D        | Killed Sonja the polar bear
   307 | D        | Found Vek Leis's Distillery.
   318 | D        | Noticed a shining eye
   318 | D        | Noticed a shining eye
   318 | D        | Noticed a shining eye
   320 | D        | Reached skill level 10 in Unarmed Combat
   320 | D        | Noticed a shining eye
   320 | D        | Noticed a shining eye
   320 | D        | Noticed a shining eye
   320 | D        | Gained mutation: You are weak. (Str -2) [a shining eye]
   320 | D        | Paralysed by a floating eye for 2 turns
   323 | D        | Gained mutation: Armour fits poorly on your strangely
                  | shaped body. [a shining eye]
   325 | D        | Gained mutation: Your body sometimes deteriorates upon
                  | taking damage. [a shining eye]
   326 | D        | Killed a shining eye
   326 | D        | Paralysed by a floating eye for 2 turns
   327 | D        | Gained mutation: You are dopey. (Int -2) [a shining eye]
   328 | D        | Gained mutation: You have hidden genetic potential. [a
                  | shining eye]
   329 | D        | Gained mutation: You sometimes lose your temper in combat.
                  | [a shining eye]
   330 | D        | Gained mutation: You are partially covered in iridescent
                  | scales. (AC +2) [a shining eye]
   332 | D        | Killed a shining eye
   333 | D        | Reached skill level 10 in Shields
   333 | D        | Reached skill level 11 in Unarmed Combat
   333 | D        | Reached skill level 1 in Evocations
   333 | D        | Reached XP level 9. HP: 96/96 MP: 8/8
   334 | D        | Killed a shining eye
   335 | D        | Reached skill level 12 in Unarmed Combat
   335 | D        | Paralysed by a floating eye for 2 turns
   338 | D        | Gained mutation: Your body often deteriorates upon taking
                  | damage. [a shining eye]
   340 | D        | Killed a shining eye
   341 | D        | Lost intelligence.
   341 | D        | Gained mutation: You are very dopey. (Int -4) [a shining
                  | eye]
   346 | D        | Killed a shining eye
   347 | D        | Reached skill level 13 in Unarmed Combat
   348 | D        | Paralysed by a floating eye for 4 turns
   349 | D        | Gained mutation: You occasionally lose the ability to read
                  | scrolls when taking damage. [a shining eye]
   351 | D        | Gained mutation: You are frail. (-10% HP) [a shining eye]
   353 | D        | Killed a shining eye
   354 | D        | Reached skill level 10 in Dodging
   356 | D        | Reached skill level 14 in Unarmed Combat
   356 | D        | Reached XP level 10. HP: 95/95 MP: 9/9
   359 | D        | Noticed a shining eye
   359 | D        | Noticed a shining eye
   359 | D        | Gained mutation: You are very frail. (-20% HP) [a shining
                  | eye]
   361 | D        | Gained mutation: You are very weak. (Str -4) [a shining
                  | eye]
   362 | D        | Lost mutation: You have hidden genetic potential. [a
                  | shining eye]
   364 | D        | Gained mutation: You sometimes lose the ability to read
                  | scrolls when taking damage. [a shining eye]
   365 | D        | Gained mutation: Your magical capacity is low. (-10% MP) [a
                  | shining eye]
   365 | D        | Gained mutation: You occasionally lose the ability to drink
                  | potions when taking damage. [a shining eye]
   366 | D        | Killed a shining eye
   372 | D        | Gained mutation: You are extremely frail. (-30% HP) [a
                  | shining eye]
   373 | D        | Killed a shining eye
   374 | D        | Reached skill level 15 in Unarmed Combat
  1550 | D        | Found Fimuewuc's Assorted Antiques.
  1550 | D        | Found Toch's General Store.
  1550 | D        | Found Wesith's Jewellery Boutique.
  1550 | D        | Found Muta's Assorted Antiques.
  1558 | D        | Bought a potion of curing for 90 gold pieces
  1558 | D        | Bought an inky potion for 27 gold pieces
  1635 | D        | Noticed a deep troll
  1636 | D        | a deep troll changed into a merfolk
  1653 | D        | Found Kijaicw's Armour Emporium.
  1678 | D        | Noticed a centaur warrior
  1680 | D        | Noticed a centaur warrior
  1685 | D        | Slain by a centaur warrior

Illustrated notes

Levels and vault maps discovered:
D:        dungeon_sprint_1 [red_sonja_temple_1, red_sonja_temple_small_1]

Skill      XL: |  1  2  3  4  5  6  7  8  9 10 |
---------------+-------------------------------+-----
Fighting       | 3 4 5 6 7 8 |  8.8
Dodging        | 3 4 6 7 8 9 10 | 10.4
Shields        | 3 5 6 7 8 10 11 | 11.0
Unarmed Combat | 3 4 5 7 8 11 14 15 | 15.4
Evocations     | 1 |  1.7
Stealth        | |  0.3

Action                     |  1- 3 |  4- 6 |  7- 9 | 10-12 || total
---------------------------+-------+-------+-------+-------++-------
  Melee: Unarmed           |    32 |    13 |    45 |    22 ||   112
  Throw: Dart              |       |       |       |     1 ||     1
  Evoke: Wand              |     1 |       |     2 |     1 ||     4
    Use: Potion            |       |       |       |     1 ||     1
 Armour: Skin              |     9 |       |       |       ||     9
         Robe              |       |     2 |     1 |     4 ||     7
  Dodge: Dodged            |    14 |     2 |     7 |     4 ||    27
  Block: Kite shield       |     1 |     2 |    13 |     8 ||    24

Table legend: (Time is in decaauts)
 A = Elapsed time spent in this place.
 B = Non-inter-level travel time spent in this place.
 C = Inter-level travel time spent in this place.
 D = Time resting spent in this place.
 E = Time spent auto-exploring this place.
 F = Levels seen in this place.
 G = Mean time per level.
                   A        B        C        D        E       F      G
               +--------+--------+--------+--------+--------+-----+--------+
         Total |   2340 |   2340 |      0 |   1829 |     44 |   1 | 2340.0 |
       Dungeon |   2340 |   2340 |      0 |   1829 |     44 |   1 | 2340.0 |
               +--------+--------+--------+--------+--------+-----+--------+

Top non-repeatable levels by time:
       D: 2340 daAuts
